 Dungeon Crawl Stone Soup version 0.30.0-5-g1a98f26d00 (webtiles) character file.

Game seed: 4887756710798985378

33812 Majang the Impaler (level 13, -12/99 HPs)
             Began as a Merfolk Gladiator on May 11, 2023.
             Was an Elder of Makhleb.
             Succumbed to a hornet's poison
             ... on level 4 of the Lair of Beasts on May 12, 2023.
             The game lasted 01:34:48 (20419 turns).

Majang the Impaler (Merfolk Gladiator)             Turns: 20419, Time: 01:34:48

Health: -12/99     AC: 16    Str: 18    XL:     13   Next: 73%
Magic:  16/16      EV: 12    Int:  8    God:    Makhleb [****..]
Gold:   551        SH:  0    Dex: 16    Spells: 12/12 levels left

rFire   + . .        I - +0 bardiche (flame)
rCold   + + .        (shield currently unavailable)
rNeg    . . .        P - +4 chain mail {rC+}
rPois   .            i - +2 helmet
rElec   .            (no cloak)
rCorr   .            (no gloves)
SInv    .            (no boots)
Will    .....        (no amulet) Stlth
                     o - ring of protection from cold
HPRegen 0.36/turn    p - ring of protection from fire
MPRegen 0.15/turn

%: no passive effects
@: lethally poisoned (-12 -> -47), slowed, very slow
A: (nimble swimmer 2), mertail, iridescent scales 1, deformed body
a: Renounce Religion, Minor Destruction, Lesser Servant of Makhleb, Major
Destruction


You were on level 4 of the Lair of Beasts.
You worshipped Makhleb.
Makhleb was greatly pleased with you.
You visited 3 branches of the dungeon, and saw 14 of its levels.
You also visited: Bailey, Ice Cave and Volcano.

You collected 1435 gold pieces.
You spent 884 gold pieces at shops.

Inventory:

Hand Weapons
 B - a +1 glaive
 D - the +3 hand axe "Waxosm" {flame, *Noise Dex+9 SInv Stlth-}
   (You took it off a gnoll bouda in a bailey)

   Dex:       It affects your dexterity (+9).
   SInv:      It lets you see invisible.
   *Noise:    It may make noises in combat.
   Stlth:     It makes you less stealthy.
 H - a +2 trident
 I - a +0 bardiche of flaming (weapon)
Missiles
 d - 8 throwing nets
 e - 5 javelins
 m - 7 boomerangs (quivered)
Armour
 i - a +2 helmet (worn)
 n - +0 steam dragon scales
 t - a +0 chain mail
 C - a +0 plate armour
 E - a +3 leather armour of fire resistance
 G - a +1 ring mail of fire resistance
 P - a +4 chain mail of cold resistance (worn)
Jewellery
 c - a ring of flight
 h - a ring of ice
 o - a ring of protection from cold (left hand)
 p - a ring of protection from fire (right hand)
 M - a ring of see invisible
Wands
 l - a wand of acid (13)
 q - a wand of flame (22)
 x - a wand of iceblast (2)
 J - a wand of mindburst (3)
 L - a wand of digging (6)
 N - a wand of paralysis (4)
Scrolls
 a - 2 scrolls of amnesia
 j - a scroll of magic mapping
 k - 3 scrolls of poison
 r - a scroll of fog
 A - 3 scrolls of immolation
 R - 2 scrolls of teleportation
Potions
 b - 3 potions of might
 f - 4 potions of magic
 g - 2 potions of resistance
 s - a potion of ambrosia {unknown}
 u - 2 potions of mutation
 v - 3 potions of curing
 w - 2 potions of brilliance {unknown}
 z - 2 potions of haste
 K - 2 potions of flight
 O - a potion of lignification
 Q - a potion of heal wounds
Miscellaneous
 F - a box of beasts


   Skills:
 + Level 8.5 Fighting
 * Level 18.7 Polearms
 * Level 10.7 Throwing
 * Level 8.0 Armour
 + Level 10.4 Dodging
 + Level 4.0 Invocations


You had 12 spell levels left.
You didn't know any spells.
Your spell library contained the following spells:

 Spells                   Type           Power      Damage    Failure   Level
 Blink                    Tloc           0%         N/A       99%         2
 Cigotuvi's Dreadful Rot  Necr/Pois/Air  0%         N/A       99%         2
 Lesser Beckoning         Tloc           0%         N/A       99%         2
 Momentum Strike          Conj/Tloc      0%         3d8       99%         2
 Ignite Poison            Fire/Tmut/Pois 0%         N/A       100%        3
 Blade Hands              Tmut           0%         N/A       100%        5
 Freezing Cloud           Conj/Ice/Air   0%         6-21      100%        5
 Irradiate                Conj/Tmut      0%         3d11      100%        5
 Dragon Form              Tmut           0%         N/A       100%        7


Dungeon Overview and Level Annotations

Branches:
Dungeon (8/15)             Temple (1/1) D:7            Lair (5/5) D:8
 Shoals (0/4) Lair:2       Spider (0/4) Lair:2       Bailey (visited)
  IceCv (visited)         Volcano (visited)
  Slime: Lair:4-5

Altars:
Ashenzari
Cheibriados
Dithmenos
Elyvilon
Fedhas
Gozag
Hepliaklqana
Kikubaaqudgha
Makhleb
Nemelex Xobeh
Qazlal
Ru
Sif Muna
Trog
Vehumet
Xom
Yredelemnul
Zin
The Shining One

Shops:
D:6 !

Annotations:
D:2 Treasure behin wall
D:3 1 runed translucent door, Crazy Yiuf
Lair:2 exclusion: oklob plant
Lair:3 1 runed translucent door, Ceyvaan's ghost, journeyman DEFE


Innate Abilities, Weirdness & Mutations

((You are very nimble when in or above water. (Stealth+, EV+, Speed+++)))
Your lower body shifts to a powerful aquatic tail in water.
You are partially covered in iridescent scales. (AC +2)
Armour fits poorly on your strangely shaped body.


Message History

The hornet stings you but does no damage.
You feel very sick.
The dream sheep ruffles its wool and motes of dream dust sparkle, to no effect.
The hornet barely misses you. The hornet stings you.
You are more poisoned.
You feel as though you will be slow longer.
The hornet stings you but does no damage.
The hornet attacks as you move away! The hornet stings you.
You are more poisoned.
You feel as though you will be slow longer.
You feel extremely sick. The hornet stings you.
You suddenly lose the ability to move!
The dream sheep ruffles its wool and motes of dream dust sparkle, to no effect.
The hornet stings you!
You are more poisoned.
You feel as though you will be slow longer.
You can move again.
Blink to where?
Press: ? - help, Dir - move target
As you read the scroll of blinking, it crumbles to dust.
You feel extremely sick.
The wolf howls!
You hear a shout!
You hear a howl!
You hear a shout!
The dream sheep ruffles its wool and motes of dream dust sparkle, to no effect.
The hornet stings you but does no damage.
You feel extremely sick. The hornet stings you.
* * * LOW HITPOINT WARNING * * *
You are lethally poisoned!
You feel as though you will be slow longer.
The hornet stings you but does no damage.
The hornet stings you!
* * * LOW HITPOINT WARNING * * *
You feel as though you will be slow longer.
The wolf bites you but does no damage. The hornet stings you.
* * * LOW HITPOINT WARNING * * *
You are more poisoned.
You feel as though you will be slow longer.
The hornet stings you but does no damage.
You climb upwards.
You die...

.......###...#....#
#......# ######..##
#....†P# ###.##...#
.......# #..#..P.##
.#.....###.......#
.#.....##...P.#..##
##.....########P..#
##.....# #.y##
##....## ######@##
#....>.####..##PyP#
.................##
P.##...#.####P.#.#
####.##### ######
###


You could see 2 hornets.

Vanquished Creatures
  Kirke (Lair:4)
  A fire dragon (Volcano)
  2 hydras (Lair:4)
  A hell hog (Volcano)
  Sonja (Lair:4)
  A lindwurm (Lair:3)
  8 elephants
  A cyclops (D:8)
  2 molten gargoyles (Volcano)
  5 cane toads
  An ice statue (IceCv)
  A rime drake (Lair:1)
  2 komodo dragons
  An anaconda simulacrum (IceCv)
  An ice devil (IceCv)
  5 polar bears
  20 blink frogs
  Grinder (D:3)
  4 dream sheep
  Sigmund (D:4)
  A dire elephant simulacrum (IceCv)
  6 fire bats (Volcano)
  3 wyverns
  Eustachio (D:4)
  3 hogs (Lair:4)
  24 yaks
  2 steam dragons
  Grum (Bailey)
  A harpy simulacrum (IceCv)
  2 hydra simulacra (IceCv)
  2 hell hounds (Volcano)
  6 water moccasins
  A sky beast (D:8)
  An orc warrior (D:8)
  2 ice beasts
  A black bear (D:7)
  4 ogres
  15 wolves
  4 centaurs
  A kobold brigand (D:6)
  7 bullfrogs
  6 gnoll sergeants (Bailey)
  A cane toad simulacrum (IceCv)
  A scorpion (D:5)
  5 two-headed ogre simulacra (IceCv)
  8 wights
  6 killer bees (D:7)
  A howler monkey (D:5)
  3 electric eels (D:7)
  4 lava snakes (Volcano)
  4 orc priests
  7 gnoll boudas
  3 hounds
  7 iguanas
  Ijyb (D:4)
  2 sleepcaps (D:5)
  3 orc wizards
  2 troll simulacra (IceCv)
  A polar bear simulacrum (IceCv)
  4 spriggan simulacra (IceCv)
  2 wolf simulacra (IceCv)
  14 gnolls
  4 adders
  5 naga simulacra (IceCv)
  22 white imps
  8 ufetubi (IceCv)
  A worm (D:4)
  3 dart slugs
  17 orcs
  12 endoplasms
  2 giant cockroaches
  10 goblins
  5 hobgoblins
  2 jackals (D:2)
  6 quokkas
  12 ball pythons
  6 bats
  9 frilled lizards
  9 kobolds
  11 rats
377 creatures vanquished.

Vanquished Creatures (others)
  3 humans (Lair:4)
  An orc wizard (D:7)
  An orc (D:7)
5 creatures vanquished.

Grand Total: 382 creatures vanquished

Notes
Turn   | Place    | Note
-------+----------+-------------------------------------------
     0 | D:1      | Majang the Merfolk Gladiator began the quest for the Orb.
     0 | D:1      | Reached XP level 1. HP: 16/16 MP: 1/1
   207 | D:1      | Reached XP level 2. HP: 23/23 MP: 2/2
   412 | D:1      | Reached skill level 5 in Polearms
   491 | D:1      | Reached XP level 3. HP: 26/28 MP: 3/3
  1173 | D:2      | Found a shimmering altar of Xom.
  1507 | D:2      | Reached XP level 4. HP: 35/35 MP: 4/4
  1569 | D:2      | Found a faded altar of an unknown god.
  2117 | D:3      | Noticed Grinder
  2128 | D:3      | Gained mutation: Armour fits poorly on your strangely
                  | shaped body. [potion of mutation]
  2128 | D:3      | Gained mutation: You are partially covered in iridescent
                  | scales. (AC +2) [potion of mutation]
  2150 | D:3      | Paralysed by Grinder for 2 turns
  2164 | D:3      | Killed Grinder
  2165 | D:3      | Reached skill level 6 in Polearms
  2165 | D:3      | Reached skill level 1 in Armour
  2165 | D:3      | Reached XP level 5. HP: 39/41 MP: 5/5
  2165 | D:3      | Reached XP level 6. HP: 45/47 MP: 6/6
  2657 | D:3      | Found a runed translucent door.
  2658 | D:3      | Noticed Crazy Yiuf
  2733 | D:4      | Noticed Eustachio
  2750 | D:4      | Killed Eustachio
  2926 | D:4      | Reached skill level 5 in Dodging
  2926 | D:4      | Reached XP level 7. HP: 19/53 MP: 7/7
  3153 | D:4      | Noticed Ijyb
  3179 | D:4      | Killed Ijyb
  3346 | D:4      | Noticed Sigmund
  3364 | D:4      | Killed Sigmund
  3365 | D:4      | Reached skill level 7 in Polearms
  3527 | D:5      | Entered Level 5 of the Dungeon
  4173 | D:5      | Reached XP level 8. HP: 29/60 MP: 8/8
  4591 | D:5      | Reached skill level 5 in Throwing
  4815 | D:5      | Reached skill level 8 in Polearms
  5271 | D:6      | Found Isio's Distillery.
  5743 | D:6      | Reached XP level 9. HP: 65/67 MP: 9/9
  6108 | D:6      | Reached skill level 5 in Fighting
  6398 | D:6      | Reached skill level 9 in Polearms
  6923 | D:7      | Found a flagged portal.
  6929 | Bailey   | Entered a bailey
  7860 | Bailey   | Noticed Grum
  8136 | Bailey   | Identified the +3 hand axe "Waxosm" {flame, *Noise Dex+9
                  | SInv Stlth-}
  8666 | Bailey   | Reached skill level 10 in Polearms
  8993 | Bailey   | Reached XP level 10. HP: 23/76 MP: 10/10
  9221 | Bailey   | Reached skill level 5 in Armour
  9390 | Bailey   | Killed Grum
 10586 | D:7      | Found a staircase to the Ecumenical Temple.
 10595 | Temple   | Entered the Ecumenical Temple
 10704 | Temple   | Became a worshipper of Makhleb the Destroyer
 10934 | D:6      | Bought a potion of experience for 650 gold pieces
 10934 | D:6      | Bought a potion of heal wounds for 65 gold pieces
 10934 | D:6      | Bought a potion of curing for 39 gold pieces
 10934 | D:6      | Bought a potion of haste for 130 gold pieces
 10934 | D:6      | Reached skill level 16 in Polearms
 10934 | D:6      | Reached XP level 11. HP: 81/81 MP: 11/11
 11147 | D:8      | Found a staircase to the Lair.
 11740 | D:8      | Reached * piety under Makhleb
 11911 | D:8      | Noticed a cyclops
 11925 | D:8      | Killed a cyclops
 12102 | Lair:1   | Entered Level 1 of the Lair of Beasts
 12528 | Lair:1   | Found a dark tunnel.
 12532 | Volcano  | Entered a volcano
 12947 | Volcano  | Found a burning altar of Makhleb.
 12947 | Volcano  | Noticed a hell hog
 12963 | Volcano  | Killed a hell hog
 12964 | Volcano  | Reached skill level 17 in Polearms
 12967 | Volcano  | Reached XP level 12. HP: 23/89 MP: 12/12
 13196 | Volcano  | Noticed a fire dragon
 13214 | Volcano  | Killed a fire dragon
 13922 | Lair:1   | Identified a scroll of acquirement
 13922 | Lair:1   | Acquired a +0 bardiche of flaming
 14880 | Lair:2   | Reached ** piety under Makhleb
 14899 | Lair:2   | Found a staircase to the Shoals.
 15110 | Lair:2   | Found a frozen archway.
 15139 | Lair:2   | Reached skill level 1 in Invocations
 15151 | IceCv    | Entered an ice cave
 16016 | IceCv    | Reached *** piety under Makhleb
 16470 | IceCv    | Noticed a reaper
 16787 | Lair:2   | Found a hole to the Spider Nest.
 16788 | Lair:2   | You fall into a shaft and drop 1 floor!
 16957 | Lair:3   | Found a runed translucent door.
 16962 | Lair:3   | Found a shimmering altar of Xom.
 16962 | Lair:3   | Noticed Ceyvaan's ghost (journeyman DEFE)
 17025 | Lair:3   | Reached skill level 18 in Polearms
 17392 | Lair:2   | Reached XP level 13. HP: 98/98 MP: 14/14
 17516 | Lair:2   | Reached skill level 10 in Throwing
 17519 | Lair:2   | Reached **** piety under Makhleb
 17804 | Lair:3   | Identified the +1 ring mail of the Ant {Str-2 Int+4}
 18551 | Lair:3   | Reached skill level 10 in Dodging
 19614 | Lair:4   | Noticed Sonja
 19635 | Lair:4   | Killed Sonja
 19662 | Lair:4   | Noticed Kirke
 19688 | Lair:4   | Killed Kirke
 20408 | Lair:5   | Entered Level 5 of the Lair of Beasts
 20416 | Lair:5   | Paralysed by a hornet for 1 turns
 20418 | Lair:5   | HP: 3/99 [hornet (5)]
 20419 | Lair:4   | Succumbed to a hornet's poison

Illustrated notes

Levels and vault maps discovered:
D:1:      roderic_dead_forest, layout_loops_corners, hangedman_feature_mirror,
          minmay_door_square
D:2:      layout_loops_corners, basic_altar, ebering_ecumenical_altar_abandoned,
          minmay_splitting_lines, due_unseen_surprise
D:3:      layout_loops_ring, uniq_grinder, uniq_crazy_yiuf_cottage
D:4:      layout_rooms, uniq_eustachio, uniq_ijyb, uniq_sigmund
D:5:      layout_basic
D:6:      layout_layer_cave, serial_shops, shop
D:7:      layout_loops_ring, lemuel_temple_firewalk_b, enter_bailey_3,
          serial_bayou_lagoon_b
D:8:      layout_basic, dpeg_oklobed_lair
Temple:   nicolae_temple_bog_church
Lair:1:   layout_cave_pods, gauntlet_entry_generic,
          nicolae_volcano_entry_lava_flow, cheibrodos_lair_lostbears,
          grunt_megastairs_5
Lair:2:   layout_hall_layers, minmay_shoals_entry_centaurs, dummy_spider_entry,
          portal_ice_cave_entry_imps, chequers_serial_rivers_marsh,
          lemuel_fruit_tree
Lair:3:   layout_gridlike, ebering_ghost_xom, infiniplex_staircase_pool
Lair:4:   layout_regular_city, infiniplex_staircase_pool_2, uniq_kirke,
          uniq_sonja
Lair:5:   minmay_lair_end_enchanted_forest, layout_regular_city,
          minmay_slime_entry_pillars, ebering_ghost_inner_flame,
          kennysheep_abandoned_house, uniq_snorg

Skill      XL: |  1  2  3  4  5  6  7  8  9 10 11 12 13 |
---------------+----------------------------------------+-----
Polearms       | 5 6 7 8 10 16 17 18 | 18.7
Fighting       | 3 4 5 6 7 8 |  8.5
Throwing       | 3 4 5 7 8 9 10 | 10.7
Armour         | 1 2 3 4 5 6 7 8 |  8.0
Dodging        | 5 6 7 8 9 10 | 10.4
Invocations    | 2 4 |  4.0

Action                     |  1- 3 |  4- 6 |  7- 9 | 10-12 | 13-15 || total
---------------------------+-------+-------+-------+-------+-------++-------
  Melee: Trident           |   121 |   131 |   356 |       |       ||   608
         Punch             |     1 |     2 |     8 |       |       ||    11
         Glaive            |       |       |   134 |   408 |       ||   542
         Halberd           |       |       |    37 |       |       ||    37
         Tailslap          |       |       |     4 |     6 |     7 ||    17
         Bardiche          |       |       |       |   281 |   212 ||   493
         Unarmed           |       |       |       |       |    20 ||    20
  Throw: Throwing net      |       |     2 |       |     1 |       ||     3
         Boomerang         |       |       |    17 |    17 |    20 ||    54
         Javelin           |       |       |       |     4 |     1 ||     5
 Invoke: Minor Destruction |       |       |       |     1 |       ||     1
  Evoke: Wand              |       |       |       |     8 |     6 ||    14
    Use: Potion            |       |     7 |     4 |     7 |     2 ||    20
         Scroll            |       |    10 |     3 |     6 |     8 ||    27
   Stab: Sleeping          |     3 |       |       |       |       ||     3
         Invisible         |       |       |     6 |     4 |     1 ||    11
 Armour: Leather armour    |    26 |     3 |       |    42 |       ||    71
         Scale mail        |       |    27 |   140 |    36 |       ||   203
         Skin              |       |     9 |       |    12 |       ||    21
         Chain mail        |       |       |       |   180 |    88 ||   268
  Dodge: Dodged            |    54 |    45 |   305 |   444 |   140 ||   988
